 Dungeon Crawl Stone Soup version 0.29.1-2-gbd0b4ee654 (webtiles) character file.

Game seed: 12949827798897954836

52 fantasyman the Insei (level 3, 0/27 HPs)
             Began as a Demigod Transmuter on Nov 14, 2022.
             Slain by a goblin
             ... wielding a +0 club
             ... led by Robin
              (3 damage)
             ... on level 2 of the Dungeon.
             The game lasted 00:02:25 (2012 turns).

fantasyman the Insei (Demigod Transmuter)           Turns: 2012, Time: 00:02:26

Health: 0/27       AC:  2    Str: 11    XL:     3   Next: 39%
Magic:  7/8        EV: 12    Int: 19    God:
Gold:   114        SH:  0    Dex: 14    Spells: 5/6 levels left

rFire   . . .      SeeInvis .     - Unarmed
rCold   . . .      Faith    .   (no shield)
rNeg    . . .      Spirit   .   a - +0 robe
rPois   .          Reflect  .   (helmet currently unavailable)
rElec   .          Harm     .   f - scarf {+Inv}
rCorr   .          Rampage  .   (no gloves)
Will    .....                   (boots currently unavailable)
Stlth   +.........              (no amulet)
HPRegen 0.09/turn               (no ring)
MPRegen 0.11/turn               (no ring)

@: lethally poisoned (0 -> -3), appendages (expiring)
A: horns 2, talons 2, high MP 1, forlorn, divine attributes
a: End Transformation, Evoke Invisibility


You were on level 2 of the Dungeon.
You had temporarily grown beastly horns and talons.
You visited 1 branch of the dungeon, and saw 2 of its levels.

You collected 114 gold pieces.

Inventory:

Armour
 a - a +0 robe (worn)
 f - a scarf of invisibility (worn)
Scrolls
 c - a scroll of identify {unknown}
 d - a scroll of enchant weapon {unknown}
 g - 4 scrolls of teleportation {unknown}
 h - 2 scrolls of fear {unknown}
 i - a scroll of fog {unknown}
Potions
 b - a potion of lignification
 e - a potion of might {unknown}


   Skills:
 + Level 0.8 Fighting
 + Level 2.2 Dodging
 + Level 3.2 Unarmed Combat
 + Level 2.0 Spellcasting
 + Level 2.4 Transmutations
 * Level 0.4 Evocations


You had 5 spell levels left.
You knew the following spells:

 Your Spells              Type           Power      Damage    Failure   Level
a - Beastly Appendage     Tmut           22%        N/A       6%          1

Your spell library contained the following spells:

 Spells                   Type           Power      Damage    Failure   Level
 Wereblood                Tmut           11%        N/A       9%          2
 Spider Form              Tmut/Pois      6%         N/A       30%         3
 Ice Form                 Ice/Tmut       6%         N/A       69%         4


Dungeon Overview and Level Annotations

Branches:
Dungeon (2/15)

Annotations:
D:2 Robin


Innate Abilities, Weirdness & Mutations

You have temporarily grown beastly horns and talons.
You have an increased reservoir of magic. (+10% MP)
You shall have no god before yourself.
Your divine heritage dramatically boosts your attributes as you level up.


Message History

You hit the goblin. Your kick misses the goblin.
The goblin is moderately wounded.
The goblin hits you with a +0 dagger.
You hit the goblin.
You kill the goblin!
Robin roars a battlecry!
The goblins go into a battle-frenzy!
You closely miss the goblin. You claw the goblin.
You kill the goblin!
A giant cockroach comes into view.
Robin throws the goblin at you! The goblin hits you but does no damage.
You closely miss the goblin. You claw the goblin.
The goblin is moderately wounded.
The goblin misses you.
You hit the goblin.
You kill the goblin!
You completely miss the goblin. Your kick misses the goblin.
The goblin hits you with a +0 dagger.
You hit the goblin. You claw the goblin, but do no damage.
You headbutt the goblin.
You kill the goblin!
Your transformation is almost over.
Robin throws the goblin at you!
You closely miss the goblin. The goblin hits you with a +0 club.
The goblin hits you with a +1 dagger of venom.
You are poisoned.
You are too injured to fight recklessly!
You are too injured to fight recklessly!
Unknown command.
The goblin attacks as you move away! The goblin closely misses you.
You feel sick.
You see here a scroll labelled ZUINUTS BEALU.
You feel sick. The goblin attacks as you move away!
The goblin hits you with a +0 club.
* * * LOW HITPOINT WARNING * * *
x2 You feel sick.
There is a stone staircase leading up here.
* * * LOW HITPOINT WARNING * * *
You feel sick. The goblin hits you with a +0 club.
You die...

#######
###.....#
###.###.#g@...#
.......#g.....#
#g#.....#
#)#†....#
#.#######


gg# .gBg ...g. #...... You could see 3 goblins.

Vanquished Creatures
  An adder (D:2)
  2 dart slugs (D:1)
  3 endoplasms (D:1)
  3 giant cockroaches (D:1)
  10 goblins
  3 hobgoblins (D:1)
  3 kobolds (D:1)
  2 quokkas (D:1)
  A ball python (D:1)
  2 bats
  2 frilled lizards (D:1)
  2 rats (D:1)
34 creatures vanquished.

Notes
Turn   | Place    | Note
-------+----------+-------------------------------------------
     0 | D:1      | fantasyman the Demigod Transmuter began the quest for the
                  | Orb.
     0 | D:1      | Reached XP level 1. HP: 15/15 MP: 5/5
   648 | D:1      | Reached skill level 3 in Unarmed Combat
   648 | D:1      | Reached XP level 2. HP: 22/22 MP: 5/7
  1619 | D:1      | Reached XP level 3. HP: 27/27 MP: 6/8
  1997 | D:2      | Noticed Robin
  2012 | D:2      | Slain by a goblin

Illustrated notes

Levels and vault maps discovered:
D:1:      dpeg_arrival_concentric_ovals, layout_rooms,
          hellmonk_ecumenical_altar_leap_of_faith
D:2:      layout_loops_cross, serial_shops, shop, uniq_robin

Skill      XL: |  1  2 |
---------------+-------+-----
Dodging        | 2 |  2.2
Unarmed Combat | 3 |  3.2
Transmutations | 2 |  2.4
Spellcasting   | 2 |  2.0
Fighting       | |  0.8
Evocations     | |  0.4

Action                   || total
-------------------------++-------
Melee: Unarmed           ||    95
       Headbutt          ||    13
       Kick              ||    17
       Punch             ||     2
 Cast: Beastly Appendage ||    26
Armor: Robe              ||    27
Dodge: Dodged            ||    68
